 Dungeon Crawl Stone Soup version 0.25-a0-185-g6cfeca75b2 (webtiles) character file.

Game seed: 6518374666649736579, levelgen mode: deterministic

53 vurker the Gusty (level 3, 0/20 HPs)
             Began as a Tengu Air Elementalist on Nov 27, 2019.
             Slain by a hungry ghost (1 damage)
             ... on level 3 of the Dungeon.
             The game lasted 00:02:49 (1732 turns).

vurker the Gusty (Tengu Air Elementalist)           Turns: 1732, Time: 00:02:49

Health: 0/20       AC:  2    Str:  8    XL:     3   Next: 87%
Magic:  0/7        EV:  9    Int: 16    God:
Gold:   80         SH:  0    Dex: 14    Spells: 6/7 levels left

rFire    . . .     SeeInvis .   i - +0 dagger
rCold    . . .     Gourm    .   (no shield)
rNeg     . . .     Faith    .   a - +0 robe
rPois    .         Spirit   .   (helmet restricted)
rElec    .         Reflect  .   (no cloak)
rCorr    .         Harm     .   (no gloves)
MR       .....                  (boots unavailable)
Stlth    ++........             n - amulet of the acrobat
HPRegen  0.06/turn              (no ring)
MPRegen  0.10/turn              (no ring)

@: constricted
A: beak, talons 3
a: no special abilities


You were on level 3 of the Dungeon.
You were near starving.

You visited 1 branch of the dungeon, and saw 3 of its levels.

You collected 80 gold pieces.

Inventory:

Hand Weapons
 i - a +0 dagger (weapon)
   (You took it off a goblin on level 1 of the Dungeon)
Armour
 a - a +0 robe (worn)
Jewellery
 n - an amulet of the acrobat (around neck)
   (You found it on level 2 of the Dungeon)
Scrolls
 b - 3 scrolls of noise {unknown}
 d - a scroll of random uselessness {unknown}
 j - a scroll of remove curse {unknown}
 k - 4 scrolls of identify {unknown}
 l - a scroll of immolation {unknown}
 m - 2 scrolls of magic mapping {unknown}
Potions
 c - a potion of lignification {unknown}
 f - 2 potions of brilliance {unknown}
 g - 3 potions of heal wounds {unknown}
Comestibles
 e - 3 rations


   Skills:
 + Level 0.8 Fighting
 - Level 2.1 Dodging
 - Level 2.0 Stealth
 * Level 2.5 Spellcasting
 * Level 2.6 Conjurations
 * Level 4.9 Air Magic


You had 6 spell levels left.
You knew the following spells:

 Your Spells              Type           Power        Failure   Level  Hunger
a - Shock                 Conj/Air       ##..         4%          1    #......

Your spell library contained the following spells:

 Spells                   Type           Power        Failure   Level  Hunger
 Swiftness                Chrm/Air       #.......     11%         2    ##.....
 Static Discharge         Conj/Air       ##......     12%         3    ###....
 Airstrike                Air            ###.......   26%         4    #####..
 Lightning Bolt           Conj/Air       ##........   75%         5    ######.


Dungeon Overview and Level Annotations

Branches:
Dungeon (3/15)

Altars:


Innate Abilities, Weirdness & Mutations

You have a beak for a mouth.
You have claws for feet.


Message History

h - a large ruby ring
h - a ring of flight (left hand) Drop what? 14/52 slots (_ for help) (? for menu, Esc to quit)
You remove your ring of flight.
You drop an uncursed ring of flight.
Done exploring.
Done exploring.
Done exploring.
There is a stone staircase leading down here.
You climb downwards.
A hungry ghost comes into view.
Found a ration and 12 poisoned darts.
Found two stone staircases leading down.
There is a stone staircase leading up here.
Okay, then.
Found 7 gold pieces.
The zap misses the hungry ghost.
The zap hits the hungry ghost.
The hungry ghost hits you.
You are feeling hungry.
The zap hits the hungry ghost.
The hungry ghost hits you.
You are feeling very hungry.
The zap hits the hungry ghost.
The hungry ghost hits you.
You are near starving!
The zap hits the hungry ghost.
The hungry ghost hits you.
* * * LOW HITPOINT WARNING * * *
You are starving!
A ball python comes into view.
You eat one of the 4 rations.
That ration really hit the spot!
The ball python hisses angrily.
The hungry ghost hits you.
* * * LOW HITPOINT WARNING * * *
You feel a lot more hungry.
The zap hits the hungry ghost.
The hungry ghost closely misses you.
The zap hits the hungry ghost.
The hungry ghost hits you.
You are feeling hungry.
You don't have enough magic to cast that spell.
Okay, then.
You closely miss the hungry ghost. Your kick misses the hungry ghost.
Your peck misses the hungry ghost. The hungry ghost hits you.
* * * LOW HITPOINT WARNING * * *
You are feeling very hungry.
You closely miss the hungry ghost. The hungry ghost misses you.
You hit the hungry ghost. You peck the hungry ghost. The hungry ghost hits you.
* * * LOW HITPOINT WARNING * * *
You are near starving!
The ball python closely misses you. x2
The zap misses the hungry ghost.
The ball python misses you. The ball python grabs you.
The ball python constricts you. The hungry ghost hits you.
You die...

##........
#...>.....
#.......(.
#......... ##
#.....%...
.#..##.........
...>...........
#$...#<.......
#..@.####..
###WS.....#
#.####..# ..# #
.## .. .. #.♣


You could see a hungry ghost and a ball python.

Vanquished Creatures
  An ooze (D:1)
  A dart slug (D:1)
  3 bats (D:1)
  2 giant cockroaches (D:1)
  7 goblins
  8 hobgoblins (D:1)
  7 jackals (D:2)
  5 kobolds
  2 frilled lizards (D:2)
  2 rats (D:1)
38 creatures vanquished.

Notes
Turn   | Place    | Note
-------+----------+-------------------------------------------
     0 | D:1      | vurker the Tengu Air Elementalist began the quest for the
                  | Orb.
     0 | D:1      | Reached XP level 1. HP: 10/10 MP: 4/4
   176 | D:1      | Reached XP level 2. HP: 15/15 MP: 4/6
   246 | D:1      | You fall into a shaft and drop 1 floor!
   722 | D:1      | Reached XP level 3. HP: 20/20 MP: 3/7
  1719 | D:3      | Noticed a hungry ghost
  1731 | D:3      | HP: 1/20 [hungry ghost (2)]
  1732 | D:3      | Slain by a hungry ghost

Levels and vault maps discovered:
D:1:      dpeg_arrival_morbid_curiosity, layout_basic
D:2:      layout_rooms
D:3:      layout_rooms, first_ration, chequers_mini_garden,
          grunt_decor_mini_mirrors, minmay_misc_feat_diagonals, nrook_campfire,
          uniq_natasha, uniq_robin

Skill      XL: |  1  2 |
---------------+-------+-----
Conjurations   | 2 |  2.6
Fighting       | |  0.8
Dodging        | |  2.1
Stealth        | |  2.0
Spellcasting   | |  2.5
Air Magic      | |  4.9

Action                   || total
-------------------------++-------
Melee: Unarmed           ||     3
       Kick              ||     5
       Peck              ||     4
       Short sword       ||    14
       Dagger            ||    12
 Cast: Shock             ||    71
  Eat: Chunk             ||     3
       Ration            ||     1
Armor: Robe              ||     6
Dodge: Dodged            ||    39

Table legend:
 A = Non-vault XP
 B = Vault XP
 C = Vault XP percentage of total XP
 D = Non-vault monster count
 E = Vault monster count
 F = Vault count percentage of total count
                 A         B        C        D         E       F
            +---------+---------+-------+---------+---------+-------
      Total |      66 |      10 |  13.2 |      33 |       5 |  13.2
            +---------+---------+-------+---------+---------+-------
        D:1 |      47 |      10 |  17.5 |      22 |       5 |  18.5
        D:2 |      19 |       0 |   0.0 |      11 |       0 |   0.0
            +---------+---------+-------+---------+---------+-------
